 Dungeon Crawl Stone Soup version bcrawl-1.27.6 (webtiles) character file.

Game seed: 14378677119934620952

153844 Faustar the Conjurer (level 7, -5/50 HPs)
             Began as a Green Draconian Conjurer on Sept 21, 2020.
             Slain by a seven-headed hydra (16 damage)
             ... on level 6 of the Dungeon.
             The game lasted 00:10:38 (5601 turns).

Faustar the Conjurer (Green Draconian Conjurer)     Turns: 5601, Time: 00:10:39

Health: -5/50      AC:  6    Str: 10    XL:     7   Next: 26%
Magic:  8/15       EV: 12    Int: 17    God:
Gold:   330        SH:  0    Dex: 12    Spells: 9/16 levels left

rFire    . . .     SeeInvis .   q - +0 short sword (curse)
rCold    . . .     Gourm    .   (no shield)
rNeg     . . .     Faith    .   (armour unavailable)
rPois    +         Spirit   .   (helmet restricted)
rElec    .         Reflect  .   (no cloak)
rCorr    .         Harm     .   (no gloves)
MR       .....                  (no boots)
Stlth    ++........             (no amulet)
HPRegen  0.16/turn              (no ring)
MPRegen  0.14/turn              (no ring)

@: short of breath
A: breathe noxious fumes, unfitting armour, poison resistance, cold-blooded, AC
+6
a: Breathe Noxious Fumes


You were on level 6 of the Dungeon.
You were not hungry.

You visited 1 branch of the dungeon, and saw 6 of its levels.

You collected 330 gold pieces.

Inventory:

Hand Weapons
 d - a +0 dagger
 q - a cursed +0 short sword (weapon)
Wands
 u - a wand of disintegration (10)
Scrolls
 c - 2 scrolls of enchant weapon {unknown}
 g - 2 scrolls of magic mapping {unknown}
 h - a scroll of blinking {unknown}
 i - 2 scrolls of fog {unknown}
 k - 4 scrolls of teleportation {unknown}
 l - 5 scrolls of identify
 n - 2 scrolls of remove curse {unknown}
 o - a scroll of amnesia {unknown}
 r - a scroll of enchant armour {unknown}
 t - a scroll of noise {unknown}
Potions
 a - a potion of degeneration {unknown}
 b - a potion of magic
 f - a potion of brilliance {unknown}
 j - a potion of berserk rage {unknown}
 m - a potion of curing
 p - a potion of flight {unknown}
 s - 2 potions of resistance {unknown}
 v - a potion of haste
Comestibles
 e - 8 rations {!d}
 w - 4 chunks of flesh


   Skills:
 - Level 1.7 Dodging
 - Level 2.0 Stealth
 + Level 5.4 Spellcasting
 + Level 6.9 Conjurations


You had 9 spell levels left.
You knew the following spells:

 Your Spells              Type           Power        Failure   Level  Hunger
a - Magic Dart            Conj           ####         1%          1    None
b - Searing Ray           Conj           ####....     1%          2    None
c - Fulminant Prism       Conj/Hex       ###.......   32%         4    ####...

Your spell library contained the following spells:

 Spells                   Type           Power        Failure   Level  Hunger
 Iskenderun's Mystic Bla  Conj           ####....     2%          3    ##.....
 Beastly Appendage        Tmut           #.....       14%         1    None
 Passwall                 Tmut/Erth      #.......     21%         2    None
 Sticks to Snakes         Tmut           #.......     21%         2    None
 Spider Form              Tmut/Pois      #..          38%         3    ##.....
 Irradiate                Conj/Tmut      ###.......   67%         5    ######.
 Ice Form                 Ice/Tmut       #.......     80%         4    ####...
 Blade Hands              Tmut           #.........   98%         5    ######.


Dungeon Overview and Level Annotations

Branches:
Dungeon (6/12)
 Temple: D:4-7

Altars:
Makhleb
Nemelex Xobeh
Okawaru
Trog
Yredelemnul
The Shining One

Annotations:
D:2 1 runed door
D:3 2 transporters


Innate Abilities, Weirdness & Mutations

You can breathe blasts of noxious fumes.
Your lurid green scales are hard. (AC +6)
You cannot fit into any form of body armour.
Your system is resistant to poisons. (rPois)
You are cold-blooded and may be slowed by cold attacks.


Message History

The seven-headed hydra bites you! x2
* * * LOW HITPOINT WARNING * * *
The searing ray hits the seven-headed hydra!!
The seven-headed hydra is heavily wounded.
An orc warrior comes into view. It is wielding a +0 glaive.
The seven-headed hydra misses you.
The seven-headed hydra closely misses you.
The seven-headed hydra misses you.
The seven-headed hydra barely misses you.
The seven-headed hydra bites you.
* * * LOW HITPOINT WARNING * * *
The seven-headed hydra closely misses you.
The seven-headed hydra bites you but does no damage.
The orc warrior is engulfed in noxious fumes.
The orc warrior appears confused.
The searing ray hits the seven-headed hydra!
The seven-headed hydra is severely wounded.
You hear a shout!
The seven-headed hydra bites you!
You die...

#. # ###. .#
..#. ##.#
#.#.#...
#.#...#
#.##..##...
#........#
#...........
#@#####.....
...o°.D..#
...#.
.........#
..+
.........#
.#
.........#
.#
.........#
.........#
.........#


You could see a seven-headed hydra and an orc warrior (confused).

Vanquished Creatures
  An ogre (D:5)
  A bullfrog (D:4)
  2 howler monkeys (D:5)
  A crimson imp (D:5)
  An orc priest (D:5)
  A hound (D:4)
  A centaur skeleton (D:5)
  A worker ant (D:4)
  A hound skeleton (D:4)
  A worker ant zombie (D:5)
  5 gnolls
  A howler monkey skeleton (D:3)
  7 adders
  An ooze (D:2)
  An adder zombie (D:5)
  3 worms
  3 dart slugs
  6 leopard geckos
  7 orcs
  A ball python (D:1)
  5 bats
  3 giant cockroaches
  5 goblins
  9 hobgoblins
  10 jackals
  2 quokkas
  7 frilled lizards
  A jackal skeleton (D:3)
  8 kobolds
  A quokka zombie (D:5)
  4 rats
101 creatures vanquished.

Vanquished Creatures (others)
  3 plants (D:3)
3 creatures vanquished.

Grand Total: 104 creatures vanquished

Notes
Turn   | Place    | Note
-------+----------+-------------------------------------------
     0 | D:1      | Faustar the Draconian Conjurer began the quest for the Orb.
     0 | D:1      | Reached XP level 1. HP: 14/14 MP: 3/3
   397 | D:1      | Reached XP level 2. HP: 18/20 MP: 5/5
   435 | D:1      | Learned a level 2 spell: Searing Ray
  1151 | D:2      | Reached XP level 3. HP: 14/26 MP: 4/7
  1832 | D:2      | Found a runed door.
  1994 | D:3      | Reached XP level 4. HP: 33/33 MP: 4/8
  2146 | D:3      | Reached skill level 5 in Conjurations
  2530 | D:3      | Reached XP level 5. HP: 38/38 MP: 2/10
  2738 | D:3      | Found a sparkling altar of Nemelex Xobeh.
  2817 | D:3      | Found a bloodstained altar of Trog.
  2817 | D:3      | Found an iron altar of Okawaru.
  2929 | D:3      | Found a transporter.
  2960 | D:3      | Found a transporter.
  3170 | D:4      | Found a burning altar of Makhleb.
  3339 | D:4      | Found a basalt altar of Yredelemnul.
  3593 | D:4      | Reached XP level 6. HP: 41/45 MP: 12/12
  4143 | D:4      | Found a glowing golden altar of the Shining One.
  4195 | D:4      | Reached skill level 6 in Conjurations
  4353 | D:5      | Entered Level 5 of the Dungeon
  4582 | D:5      | Reached skill level 5 in Spellcasting
  4646 | D:5      | Learned a level 4 spell: Fulminant Prism
  4684 | D:5      | Your scales start taking on a lurid green colour.
  4684 | D:5      | Reached XP level 7. HP: 43/50 MP: 14/14
  4684 | D:5      | Gained mutation: Your system is resistant to poisons.
                  | (rPois) [Green Draconian growth]
  5595 | D:6      | Noticed a seven-headed hydra
  5601 | D:6      | Slain by a seven-headed hydra

Skill      XL: |  1  2  3  4  5  6 |
---------------+-------------------+-----
Spellcasting   | 3 4 5 |  5.4
Conjurations   | 5 6 |  6.9
Dodging        | |  1.7
Stealth        | |  2.0

Action                   |  1- 3 |  4- 6 |  7- 9 || total
-------------------------+-------+-------+-------++-------
Melee: Unarmed           |    29 |       |       ||    29
       Dagger            |    71 |    81 |       ||   152
       Tailslap          |    11 |    19 |     8 ||    38
       Short sword       |       |    95 |    23 ||   118
 Cast: Magic Dart        |    46 |    24 |     6 ||    76
       Searing Ray       |     2 |    12 |     2 ||    16
 Abil: Breathe Noxious F |       |       |     3 ||     3
 Stab: Sleeping          |     4 |     3 |     1 ||     8
       Distracted        |     1 |       |       ||     1
  Eat: Chunk             |     7 |    11 |     4 ||    22
       Ration            |       |     1 |       ||     1
Armor: Skin              |    38 |    59 |     8 ||   105
Dodge: Dodged            |    72 |   121 |    23 ||   216
